 Dungeon Crawl Stone Soup version 0.27-a0-200-g8ba017916c (webtiles) character file.

Game seed: 7345683479759962138

835 vurker the Cudgeller (level 7, -5/71 HPs)
             Began as a Troll Monk on Jan 29, 2021.
             Was a Priest of Makhleb.
             Slain by a killer bee (6 damage)
             ... on level 7 of the Dungeon.
             The game lasted 00:05:56 (5147 turns).

vurker the Cudgeller (Troll Monk)                   Turns: 5147, Time: 00:05:57

Health: -5/71      AC:  8    Str: 22    XL:     7   Next: 66%
Magic:  8/8        EV: 10    Int:  6    God:    Makhleb [***...]
Gold:   520        SH:  0    Dex: 12    Spells: 6/6 levels left

rFire    . . .     SeeInvis .   a - +0 mace
rCold    + . .     Faith    .   (no shield)
rNeg     + . .     Spirit   .   y - +1 robe {rC+}
rPois    .         Reflect  .   (helmet restricted)
rElec    .         Harm     .   w - +0 cloak
rCorr    .         Rampage  .   (gloves unavailable)
Will     .....                  (boots unavailable)
Stlth    +++.......             q - amulet of the acrobat
HPRegen  0.61/turn              r - ring of positive energy
MPRegen  0.11/turn              t - ring of stealth

@: lethally poisoned (-5 -> -10)
A: large, unfitting armour, claws 3, regeneration 1, shaggy fur 1, tough skin 3
a: Renounce Religion, Minor Destruction, Lesser Servant of Makhleb


You were on level 7 of the Dungeon.
You worshipped Makhleb.
Makhleb was most pleased with you.
You visited 1 branch of the dungeon, and saw 7 of its levels.

You collected 520 gold pieces.

Inventory:

Hand Weapons
 a - a +0 mace (weapon)
Armour
 w - a +0 cloak (worn)
   (You took it off Crazy Yiuf on level 4 of the Dungeon)
 y - a +1 robe of cold resistance (worn)
   (You found it on level 5 of the Dungeon)
Jewellery
 q - an amulet of the acrobat (around neck)
   (You found it on level 2 of the Dungeon)
 r - a ring of positive energy (left claw)
   (You found it on level 3 of the Dungeon)
 t - a ring of stealth (right claw)
   (You found it on level 3 of the Dungeon)
Wands
 v - a wand of polymorph (9)
   (You found it on level 4 of the Dungeon)
Scrolls
 c - a scroll of amnesia {unknown}
 d - 7 scrolls of identify {unknown}
 f - 4 scrolls of remove curse {unknown}
 g - a scroll of fear {unknown}
 i - 2 scrolls of enchant armour {unknown}
 k - a scroll of immolation {unknown}
 l - 5 scrolls of teleportation {unknown}
 n - 2 scrolls of enchant weapon {unknown}
 p - a scroll of noise {unknown}
 x - a scroll of magic mapping {unknown}
Potions
 b - a potion of resistance {unknown}
 e - 5 potions of brilliance {unknown}
 h - 3 potions of heal wounds {unknown}
 j - a potion of mutation {unknown}
 m - 2 potions of cancellation {unknown}
 o - a potion of invisibility {unknown}
 s - a potion of attraction {unknown}
 u - 2 potions of curing {unknown}


   Skills:
 + Level 4.4 Fighting
 * Level 6.4 Maces & Flails
 - Level 2.4 Dodging
 - Level 1.0 Stealth
 + Level 3.1 Invocations


You had 6 spell levels left.
You didn't know any spells.
Your spell library contained the following spells:

 Spells                   Type           Power        Failure   Level
 Animate Skeleton         Necr           0%           45%         1
 Apportation              Tloc           0%           45%         1
 Beastly Appendage        Tmut           0%           45%         1
 Corona                   Hex            0%           45%         1
 Magic Dart               Conj           0%           45%         1
 Summon Small Mammal      Summ           0%           45%         1
 Searing Ray              Conj           0%           58%         2
 Wereblood                Tmut           0%           58%         2
 Dazzling Flash           Conj/Hex       0%           83%         3
 Spider Form              Tmut/Pois      0%           83%         3
 Fulminant Prism          Conj/Hex       0%           99%         4
 Ice Form                 Ice/Tmut       0%           99%         4
 Iskenderun's Mystic Bla  Conj/Tloc      0%           99%         4
 Blade Hands              Tmut           0%           100%        5


Dungeon Overview and Level Annotations

Branches:
Dungeon (7/15)             Temple (0/1) D:6

Altars:
Dithmenos
Elyvilon
Fedhas
Gozag
Hepliaklqana
Kikubaaqudgha
Makhleb
Qazlal
Ru
Sif Muna
Zin
The Shining One

Annotations:
D:4 exclusion: oklob plant
D:7 Joseph


Innate Abilities, Weirdness & Mutations

You are too large for most types of armour.
You have claws for hands.
Your natural rate of healing is unusually fast.
You are covered in fur. (AC +1)
You have extremely tough skin. (AC +3)


Message History

The quokka barely misses you.
The quokka twitches its whiskers.
The quokka twitches its whiskers.
The quokka closely misses you.
The quokka bites you but does no damage.
The quokka misses you. The quokka barely misses you.
A killer bee comes into view.
The killer bee buzzes angrily.
A killer bee comes into view.
The killer bee completely misses you. The killer bee stings you.
The killer bee buzzes angrily.
You hit the killer bee. The killer bee stings you.
* * * LOW HITPOINT WARNING * * *
You are poisoned.
The killer bee poisons you! The quokka barely misses you. The quokka bites you.
* * * LOW HITPOINT WARNING * * *
The killer bee stings you.
* * * LOW HITPOINT WARNING * * *
Okay, then.
A demon appears!
You feel sick. The killer bee barely misses you. The quokka bites you.
* * * LOW HITPOINT WARNING * * *
The killer bee barely misses you.
You barely miss the quokka.
You feel sick. The killer bee stings you!
* * * LOW HITPOINT WARNING * * *
You are more poisoned.
The killer bee poisons you!
The quokka bites you but does no damage.
The killer bee barely misses you.
An ogre comes into view. It is wielding a +0 giant club.
Your orange demon stings the quokka.
Your orange demon hits the quokka.
The quokka dies!
Makhleb accepts your kill.
You closely miss the killer bee.
You feel sick. The killer bee stings you.
* * * LOW HITPOINT WARNING * * *
The killer bee barely misses you.
A demon appears!
You feel sick.
The killer bee stings you but does no damage.
The killer bee stings you.
* * * LOW HITPOINT WARNING * * *
You are more poisoned.
The killer bee poisons you!
Your orange demon misses the killer bee.
You completely miss the killer bee.
* * * LOW HITPOINT WARNING * * *
You feel sick.
The killer bee stings you but does no damage.
The killer bee stings you.
You die...

#.# #.# #.# ### #.#
#.. ##### #.# #.#
#.... #.# #.# ##.###
#.# ####.####...##
#.######.O......>....
#.44@yy..##.####...##
###########..........
#######!##. #.# . #.#
.#


You could see an ogre, 2 killer bees, a friendly orange demon (summoned) and a
friendly hellwing (summoned).

Vanquished Creatures
  A phantom (D:4)
  A sky beast (D:6)
  A big kobold (D:7)
  2 scorpions (D:4)
  2 killer bees (D:7)
  Crazy Yiuf (D:4)
  3 iguanas
  An orc wizard (D:6)
  A hound skeleton (D:4)
  3 gnolls (D:5)
  10 adders
  An ooze (D:3)
  An adder zombie (D:5)
  An adder skeleton (D:4)
  2 worms (D:3)
  2 dart slugs
  6 leopard geckos
  6 orcs
  3 ball pythons
  9 bats
  5 giant cockroaches
  8 goblins
  7 hobgoblins
  2 jackals (D:4)
  4 quokkas
  4 frilled lizards
  13 kobolds
  A leopard gecko zombie (D:5)
  9 rats
110 creatures vanquished.

Vanquished Creatures (collateral kills)
  A worker ant (D:4)
  A quokka (D:7)
2 creatures vanquished.

Vanquished Creatures (others)
  10 toadstools (D:4)
10 creatures vanquished.

Grand Total: 122 creatures vanquished

Notes
Turn   | Place    | Note
-------+----------+-------------------------------------------
     0 | D:1      | vurker the Troll Monk began the quest for the Orb.
     0 | D:1      | Reached XP level 1. HP: 22/22 MP: 0/0
    54 | D:1      | Reached skill level 3 in Maces & Flails
   129 | D:1      | Reached XP level 2. HP: 25/29 MP: 1/1
   781 | D:1      | Reached XP level 3. HP: 33/36 MP: 2/2
   943 | D:2      | Found a stormy altar of Qazlal.
  1403 | D:2      | Reached skill level 4 in Maces & Flails
  1403 | D:2      | Reached XP level 4. HP: 19/45 MP: 3/3
  1657 | D:2      | Found a faded altar of an unknown god.
  1657 | D:2      | Found a white marble altar of Elyvilon.
  1663 | D:2      | Found an ancient bone altar of Kikubaaqudgha.
  1665 | D:2      | Found a shimmering blue altar of Sif Muna.
  1667 | D:2      | Found a glowing silver altar of Zin.
  1762 | D:2      | Became a worshipper of Makhleb the Destroyer
  1762 | D:2      | Reached * piety under Makhleb
  1762 | D:2      | Reached ** piety under Makhleb
  2075 | D:3      | Reached *** piety under Makhleb
  2089 | D:3      | Found a hazy altar of Hepliaklqana.
  2664 | D:3      | Found an opulent altar of Gozag.
  2773 | D:3      | Found a sacrificial altar of Ru.
  2867 | D:4      | Found a shadowy altar of Dithmenos.
  2867 | D:4      | Noticed a phantom
  2923 | D:4      | Killed a phantom
  2924 | D:4      | Reached skill level 1 in Invocations
  2924 | D:4      | Reached XP level 5. HP: 53/53 MP: 3/5
  2989 | D:4      | Reached skill level 5 in Maces & Flails
  2989 | D:4      | Reached XP level 6. HP: 54/61 MP: 6/6
  3012 | D:4      | Found a blossoming altar of Fedhas.
  3023 | D:4      | Noticed an oklob plant
  3440 | D:4      | Found a runed translucent door.
  3441 | D:4      | Noticed Crazy Yiuf
  3687 | D:4      | Killed Crazy Yiuf
  3768 | D:5      | Entered Level 5 of the Dungeon
  4175 | D:5      | Reached XP level 7. HP: 51/70 MP: 7/7
  4419 | D:6      | Found a staircase to the Ecumenical Temple.
  4634 | D:6      | Reached skill level 6 in Maces & Flails
  4664 | D:6      | Found a glowing golden altar of the Shining One.
  5107 | D:7      | Noticed Joseph
  5146 | D:7      | HP: 2/71 [killer bee (6)]
  5147 | D:7      | Slain by a killer bee

Illustrated notes

Levels and vault maps discovered:
D:1:      dpeg_arrival_boxes_within_box, layout_basic
D:2:      layout_loops_ring, overflow_temple_1_default,
          chequers_temple_overflow_minitemple
D:3:      layout_loops_corners, lemuel_coloured_pillars_altar,
          old_standard_altar, nicolae_ru_path_of_blood
D:4:      layout_rooms, tgw_fedhas, lemuel_crystal_altar,
          uniq_crazy_yiuf_cottage
D:5:      layout_basic, corexii_checkpoint_a, minmay_misc_feat_nine_boxes
D:6:      layout_loops_ring, tso_metal_star, temple_fountains,
          hangedman_decor_lopped
D:7:      layout_loops_ring, biasface_ghost_orc_armoury, enter_bailey_2,
          minmay_guarded_unrand_staff_of_olgreb, uniq_prince_ribbit1,
          uniq_duvessa, uniq_joseph

Skill      XL: |  1  2  3  4  5  6  7 |
---------------+----------------------+-----
Maces & Flails | 3 4 5 6 |  6.4
Fighting       | 3 4 |  4.4
Invocations    | 1 2 3 |  3.1
Dodging        | |  2.4
Stealth        | |  1.0

Action                   |  1- 3 |  4- 6 |  7- 9 || total
-------------------------+-------+-------+-------++-------
Melee: Mace              |   143 |   221 |   112 ||   476
Invok: Lesser Servant of |       |     2 |     2 ||     4
       Minor Destruction |       |       |     1 ||     1
 Stab: Sleeping          |     2 |     8 |     2 ||    12
Armor: Robe              |    89 |    67 |    44 ||   200
Dodge: Dodged            |   108 |   131 |    66 ||   305

Table legend: (Time is in decaauts)
 A = Elapsed time spent in this place.
 B = Non-inter-level travel time spent in this place.
 C = Inter-level travel time spent in this place.
 D = Time resting spent in this place.
 E = Time spent auto-exploring this place.
 F = Levels seen in this place.
 G = Mean time per level.
                   A        B        C        D        E       F      G
               +--------+--------+--------+--------+--------+-----+--------+
         Total |   5233 |   4968 |    265 |      0 |   3808 |   7 |  747.6 |
       Dungeon |   5233 |   4968 |    265 |      0 |   3808 |   7 |  747.6 |
               +--------+--------+--------+--------+--------+-----+--------+

Top non-repeatable levels by time:
     D:3: 1083 daAuts
     D:4: 925 daAuts
     D:2: 917 daAuts
     D:1: 908 daAuts
     D:5: 638 daAuts
     D:6: 564 daAuts
     D:7: 196 daAuts
